Map: Amphion LE

Players

Karma

  • Race: Terran Terran
  • League: Master
  • Spawn Location: 7:00

TerranYOUup - Winner!

  • Race: Terran Terran
  • League: Master
  • Spawn Location: 11:00

VOD

Have the link to the VOD?

Description

Time

  • Played on: Oct. 8, 2024, 5:23 p.m.
  • Length: 11:12
Show
View Real Time Build Order
Export as new Build Order

Karma Terran 

Build Orders: Liberator Opening 

Get SALT Encoding   

  12  0:00  SCV  
  13  0:12  SCV  
  14  0:18  Supply Depot  
  14  0:24  SCV  
  15  0:39  SCV  
  15  0:41  Barracks  
  16  0:44  Refinery  
  16  0:52  SCV  
  16  0:55  Refinery  
  17  1:04  SCV  
  18  1:16  SCV  
  19  1:28  Orbital Command, Reaper  
  19  1:31  Supply Depot  
  20  1:45  Factory  
  20  1:55  SCV  
  20  2:00  Reaper  
  22  2:07  SCV  
  23  2:19  SCV  
  24  2:27  Command Center  
  24  2:29  Hellion  
  26  2:32  Reaper  
  27  2:40  SCV  
  27  2:43  Supply Depot  
  28  2:51  Hellion  
  30  2:53  SCV  
  31  2:59  Starport  
  31  3:05  SCV  
  32  3:06  Reaper  
  32  3:12  Hellion  
  35  3:19  SCV  
  36  3:31  SCV  
  36  3:33  Hellion, Refinery  
  38  3:38  Liberator, Reaper  
  42  3:57  Factory Tech Lab  
  42  4:00  SCV  
  41  4:10  Marine  
  42  4:18  Siege Tank  
  45  4:26  Viking  
  45  4:27  Marine  
  31  4:54  SCV  
  30  5:01  Orbital Command  
  30  5:03  Viking  
  28  5:10  SCV  
  26  5:22  SCV  
  27  5:34  SCV  
  28  5:41  Barracks Reactor  
  25  5:45  SCV  
  25  5:46  SCV  
  27  5:58  SCV  
  27  5:59  SCV  
  29  6:04  Viking  
  31  6:16  SCV x2  
  28  6:28  SCV x2  
  30  6:35  Command Center  
  30  6:37  Siege Tank  
  33  6:44  SCV x2  
  35  6:51  Viking  
  37  6:56  SCV x2  
  39  7:08  SCV  
  39  7:09  SCV  
  39  7:12  Siege Tank  
  44  7:27  Viking x2  
  39  7:37  SCV x2  
  38  7:50  SCV x2  
  36  7:55  Siege Tank  
  39  8:02  SCV x3  
  42  8:09  Viking  
  44  8:20  Viking  
  44  8:22  SCV  
  44  8:23  SCV  
  48  8:27  SCV  
  48  8:34  Siege Tank  
  52  8:37  Orbital Command  
  52  8:48  SCV x2  
  52  8:53  Refinery  
  52  8:55  Factory  
  54  8:58  Factory  
  52  9:06  Siege Tank  
  52  9:07  SCV x3  
  56  9:19  SCV x2  
  56  9:20  Viking  
  56  9:21  Viking  
  62  9:29  Supply Depot  
  62  9:30  Supply Depot  
  62  9:40  Siege Tank  
  62  9:41  Factory Tech Lab  
  62  9:43  Factory Tech Lab  
  63  9:58  Viking x2  
  63  9:59  SCV x3  
  66  10:01  Siege Tank  
  69  10:13  Siege Tank  
  72  10:15  Refinery  
  72  10:16  Refinery  
  72  10:25  Siege Tank  
  72  10:26  SCV x3  
  76  10:41  SCV x2, Orbital Command  
Show
View Real Time Build Order
Export as new Build Order

TerranYOUup Terran - Winner!

Build Orders: Cyclone Opening, Mech 

Get SALT Encoding   

  12  0:01  SCV  
  13  0:13  SCV  
  14  0:19  Supply Depot  
  14  0:25  SCV  
  15  0:30  Refinery  
  15  0:40  SCV  
  16  0:48  Barracks  
  16  0:52  SCV  
  16  0:56  Refinery  
  17  1:04  SCV  
  18  1:16  SCV  
  19  1:29  SCV  
  20  1:35  Factory  
  20  1:36  Barracks Reactor  
  20  1:46  Orbital Command  
  20  2:06  Supply Depot  
  20  2:13  SCV  
  21  2:25  Cyclone  
  21  2:28  SCV, Cyclone  
  26  2:43  SCV, Starport  
  26  2:50  Supply Depot  
  26  2:58  Cyclone  
  28  3:00  Cyclone  
  30  3:08  SCV  
  31  3:20  Liberator  
  34  3:30  Cyclone  
  34  3:32  Cyclone  
  34  3:33  Supply Depot  
  38  4:07  Command Center  
  38  4:30  Cyclone x2  
  38  4:58  Liberator  
  37  5:02  Cyclone x2  
  37  5:18  SCV  
  38  5:23  Command Center  
  38  5:24  Factory  
  38  5:27  Factory  
  33  5:44  Orbital Command  
  33  6:02  SCV  
  34  6:10  Hellion x2  
  37  6:14  SCV  
  35  6:20  SCV  
  35  6:22  Factory Tech Lab  
  35  6:23  Factory Tech Lab  
  36  6:26  SCV  
  36  6:32  SCV  
  38  6:38  Orbital Command, SCV  
  39  6:44  SCV  
  40  6:50  SCV  
  40  6:53  Refinery  
  41  6:55  Refinery  
  41  6:56  SCV, Factory Reactor  
  42  7:02  SCV  
  42  7:06  SCV  
  45  7:08  SCV  
  45  7:14  SCV  
  38  7:32  Siege Tank x2  
  38  7:33  Hellion x2  
  41  7:49  SCV x3  
  41  7:55  Viking x2  
  45  7:59  Cyclone x2  
  45  8:02  SCV x2  
  51  8:09  SCV  
  52  8:14  SCV  
  52  8:15  SCV  
  54  8:21  SCV  
  54  8:25  Siege Tank  
  54  8:26  SCV, Siege Tank  
  54  8:27  SCV  
  63  8:34  Viking  
  63  8:35  Viking  
  67  8:42  SCV  
  67  8:43  SCV  
  67  8:48  Supply Depot  
  69  8:49  Supply Depot  
  69  8:50  Supply Depot  
  69  9:09  SCV x3  
  72  9:18  Barracks  
  72  9:19  Siege Tank x2  
  72  9:21  Hellion x2, Viking x2  
  72  9:22  SCV x2  
  88  9:28  Armory  
  88  9:34  Orbital Command, Engineering Bay  
  88  9:35  SCV x2  
  90  9:41  Refinery  
  90  9:42  Refinery  
  83  10:08  Siege Tank x2  
  83  10:09  Hellion x2  
  93  10:31  Supply Depot x2  
  93  10:32  Supply Depot  
  93  10:36  SCV x2  
  93  10:52  SCV x2  
  93  10:53  SCV  
Tags
 
Add a new tag
Caveats
  • Supply blocks, unpowered buildings, or Contaminate may cause inaccurate times.
  • Supply counts are checked every 10 seconds.